 Dungeon Crawl Stone Soup version 0.23.2-40-g277498a001 (webtiles) character file.

Game seed: 7451248555203547051

449 Hylith the Ruffian (level 7, -10/57 (58) HPs)
             Began as a Ghoul Necromancer on Sept 19, 2019.
             Killed by divine providence
             ... invoked by an orc priest
              (11 damage)
             ... on level 4 of the Dungeon on Sept 23, 2019.
             The game lasted 00:13:21 (4711 turns).

Hylith the Ruffian (Ghoul Necromancer)              Turns: 4711, Time: 00:13:22

HP:   -10/57 (58)   AC: 11    Str: 11 (13) XL:     7   Next: 4%
MP:   9/9           EV:  2    Int: 10 (11) God:
Gold: 204           SH:  3    Dex:  8 (9)  Spells: 9/10 levels left

rFire    . . .     SeeInvis .     - Unarmed
rCold    + . .     Gourm    .   (no shield)
rNeg     + + +     Faith    .   i - +0 plate armour
rPois    ∞         Spirit   .   (no helmet)
rElec    .         Reflect  +   (no cloak)
rCorr    .         Harm     .   (no gloves)
MR       .....                  (no boots)
Stlth    ..........             r - +3 amulet of reflection
HPRegen  0.00/turn              p - ring of wizardry
MPRegen  0.11/turn              (no ring)

@: rotting
A: rotting body, claws 1, carnivore, cold resistance 1, negative energy
resistance 3, inhibited regeneration, torment resistance, unbreathing
a: no special abilities


You were on level 4 of the Dungeon.
You were not hungry.

You visited 1 branch of the dungeon, and saw 4 of its levels.

You collected 204 gold pieces.

Inventory:

Armour
 i - a +0 plate armour (worn)
Jewellery
 p - a ring of wizardry (left claw)
 r - a +3 amulet of reflection (around neck)
Wands
 j - a wand of iceblast (2)
Scrolls
 a - 4 scrolls of identify {unknown}
 b - 3 scrolls of enchant armour {unknown}
 d - 2 scrolls of immolation {unknown}
 f - a scroll of random uselessness {unknown}
 g - a scroll of amnesia {unknown}
 l - 2 scrolls of remove curse {unknown}
 m - 2 scrolls of blinking {unknown}
 o - a scroll of fear {unknown}
 q - a scroll of teleportation {unknown}
Potions
 e - 2 potions of curing
 k - a potion of heal wounds {unknown}
 n - a potion of brilliance {unknown}
 s - a potion of mutation {unknown}
Comestibles
 c - 12 rations


   Skills:
 + Level 3.7 Fighting
 + Level 2.7 Armour
 - Level 2.2 Dodging
 - Level 2.1 Stealth
 * Level 4.7 Unarmed Combat
 - Level 2.0 Spellcasting
 - Level 4.0 Necromancy


You had 9 spell levels left.
You knew the following spells:

 Your Spells              Type           Power        Failure   Level  Hunger
a - Pain                  Necr           #...         99%         1    ##.....

Your spell library contained the following spells:

 Spells                   Type           Power        Failure   Level  Hunger
 Animate Skeleton         Necr           N/A          99%         1    ##.....
 Regeneration             Chrm/Necr      #.........   100%        3    ####...
 Vampiric Draining        Necr           #.........   100%        3    ####...
 Animate Dead             Necr           N/A          100%        4    #####..


Dungeon Overview and Level Annotations

Branches:
Dungeon (4/15)
 Temple: D:4-7

Altars:

Annotations:
D:3 Sigmund; Squonk's ghost, amateur DECj


Innate Abilities, Weirdness & Mutations

Your body is rotting away.
You thrive on raw meat.
You are immune to poison.
You have sharp fingernails.
You are carnivorous and can eat meat at any time.
Your flesh is cold resistant. (rC+)
You are immune to negative energy. (rN+++)
You do not regenerate when monsters are visible.
You are immune to unholy pain and torment.
You can survive without breathing.


Message History

The centaur zombie hits you but does no damage.
There is a stone staircase leading down here.
You can't go up here!
The bullfrog zombie hits you.
* * * LOW HITPOINT WARNING * * *
The bullfrog zombie hits you but does no damage.
You climb downwards. 4 orcs and an orc priest come into view.
An orc is wielding a +1 mace of draining.
The orc shouts! x2; The orc priest shouts!
The orc shouts!
The orc hits you but does no damage.
There is a stone staircase leading up here.
You feel better. The orc hits you but does no damage.
The orc priest mumbles some strange prayers to Beogh against you.
Beogh smites you!
* * * LOW HITPOINT WARNING * * *
You feel your flesh rotting away.
The orc priest invokes the aid of Beogh against you.
Beogh smites you!
You die...

...... ..... ....
... .. ######'#####
........
...........#
#.......
.......@...#
#.......
.......o...#
'.......
...........+
#.......
.........o.#
#.......
#####.....o#
#.......
#......######<......
#######o...o........
#.o...........
#.............


You could see an orc priest and 4 orcs.

Vanquished Creatures
  An ogre (D:4)
  A scorpion (D:4)
  An orc priest (D:3)
  2 orc wizards (D:3)
  A worker ant (D:2)
  6 adders
  A shadow imp (D:2)
  An ooze (D:1)
  6 worms
  5 dart slugs
  3 leopard geckos
  13 orcs (D:3)
  9 bats
  3 giant cockroaches
  6 goblins
  7 hobgoblins
  7 jackals (D:1)
  6 kobolds
  2 quokkas
  2 ball pythons (D:3)
  4 frilled lizards
  32 rats
119 creatures vanquished.

Notes
Turn   | Place    | Note
-------+----------+-------------------------------------------
     0 | D:1      | Hylith the Ghoul Necromancer began the quest for the Orb.
     0 | D:1      | Reached XP level 1. HP: 14/14 MP: 2/2
   259 | D:1      | Reached XP level 2. HP: 22/22 MP: 0/3
   305 | D:1      | Reached skill level 1 in Fighting
   560 | D:1      | Reached skill level 1 in Unarmed Combat
   798 | D:1      | Reached XP level 3. HP: 25/28 MP: 5/5
  1362 | D:2      | Reached skill level 1 in Armour
  1362 | D:2      | Reached XP level 4. HP: 11/36 MP: 6/6
  1611 | D:2      | Found a faded altar of an unknown god.
  2042 | D:2      | Reached XP level 5. HP: 38/42 MP: 7/7
  3246 | D:3      | Found a runed translucent gate.
  3246 | D:3      | Found a runed translucent gate.
  3273 | D:3      | Reached XP level 6. HP: 43/50 MP: 8/8
  3283 | D:3      | Found a runed translucent gate.
  3286 | D:3      | Noticed Squonk's ghost (amateur DECj)
  3316 | D:3      | Noticed Sigmund
  4210 | D:3      | Reached XP level 7. HP: 40/58 MP: 9/9
  4697 | D:3      | HP: 1/58 [bullfrog zombie (4)]
  4711 | D:4      | Killed from afar by an orc priest

Skill      XL: |  1  2  3  4  5  6 |
---------------+-------------------+-----
Dodging        | 2 |  2.2
Spellcasting   | 2 |  2.0
Fighting       | 1 2 3 |  3.7
Unarmed Combat | 1 2 3 4 |  4.7
Armour         | 1 2 |  2.7
Stealth        | |  2.1
Necromancy     | |  4.0

Action                   |  1- 3 |  4- 6 |  7- 9 || total
-------------------------+-------+-------+-------++-------
Melee: Unarmed           |   131 |   461 |    39 ||   631
 Cast: Pain              |    10 |       |       ||    10
Evoke: Wand              |       |     4 |       ||     4
  Use: Potion            |       |     3 |     1 ||     4
 Stab: Sleeping          |     3 |       |       ||     3
  Eat: Chunk             |     2 |     9 |     1 ||    12
       Ration            |       |       |     1 ||     1
Armor: Robe              |    10 |       |       ||    10
       Plate armour      |    76 |   386 |    25 ||   487
Dodge: Dodged            |    56 |    52 |     2 ||   110
Block: Other             |       |    34 |       ||    34
